 Dungeon Crawl Stone Soup version 0.31-a0-182-gc5ef74bbde (webtiles) character file.

Game seed: 9394665713736548179

239 qw the Chopper (level 6, -1/37 HPs)
             Began as a Gargoyle Fighter on June 20, 2023.
             Slain by a lemure (5 damage)
             ... led by Pikel
             ... on level 4 of the Dungeon.
             The game lasted 00:01:16 (2347 turns).

qw the Chopper (Gargoyle Fighter)                   Turns: 2347, Time: 00:01:17

Health: -1/37      AC: 12    Str: 22    XL:     6   Next: 7%
Magic:  6/6        EV:  9    Int:  8    God:
Gold:   117        SH:  4    Dex:  9    Spells: 5/5 levels left

rFire   . . .        Y - +0 war axe
rCold   . . .        c - +0 buckler
rNeg    + . .        b - +0 scale mail
rPois   inf          (no helmet)
rElec   +            (no cloak)
rCorr   .            (no gloves)
SInv    .            g - +0 pair of boots
Will    .....        (no amulet) Stlth
                     (no ring)
HPRegen 0.26/turn    (no ring)
MPRegen 0.10/turn

%: no passive effects
@: no status effects
A: sickness immunity, AC +4, negative energy resistance 1, electricity
resistance, torment resistance 1, petrification resistance
a: no special abilities


You were on level 4 of the Dungeon.
You visited 1 branch of the dungeon, and saw 4 of its levels.

You collected 117 gold pieces.


Innate Abilities, Weirdness & Mutations

You are immune to sickness and miasma.
Your stone body is resilient. (AC +4)
You are immune to poison.
You resist negative energy. (rN+)
You are resistant to electric shocks. (rElec)
You are resistant to unholy torment.
You are immune to petrification.


   Skills:
 + Level 3.2 Fighting
 - Level 5.2 Axes
 - Level 1.6 Throwing
 - Level 3.2 Armour
 - Level 3.2 Shields


You had 5 spell levels left.
You didn't know any spells.
Your spell library was empty.

Inventory:

Hand Weapons
 h - a +0 flail
 Y - a +0 war axe (weapon)
Missiles
 j - 2 boomerangs (quivered)
Armour
 b - a +0 scale mail (worn)
 c - a +0 buckler (worn)
 g - a +0 pair of boots (worn)
Scrolls
 a - 2 scrolls of identify
Potions
 d - 2 potions of might
 i - a potion of heal wounds
 n - a potion of haste
 q - a potion of curing

Dungeon Overview and Level Annotations

Branches:
Dungeon (4/15)
 Temple: D:4-7

Altars:
Qazlal

Annotations:
D:3 2 transporters, qw's ghost, amateur NaHu
D:4 Pikel


Message History

You throw a boomerang. The boomerang hits the lemure.
The lemure is moderately wounded.
You throw a boomerang.
The boomerang closely misses the lemure.
You closely miss the lemure. The lemure hits you but does no damage.
You barely miss the lemure. The lemure hits you. The lemure closely misses you.
You closely miss the lemure. The lemure hits you.
You hit Pikel.
Pikel is lightly wounded.
You closely miss the lemure.
Pikel hits you with a +0 whip of electrocution.
You slash the lemure!
The lemure is heavily wounded.
You barely miss the lemure. You closely miss Pikel.
You hear a shout!
The lemure hits you. The lemure barely misses you.
Pikel drinks a potion.
Pikel suddenly seems more resistant.
A lemure comes into view.
You block the lemure's attack. Pikel hits you but does no damage.
The lemure hits you.
You miss the lemure.
The lemure is heavily wounded.
You closely miss Pikel. You closely miss the lemure.
The lemure shouts!
The lemure hits you.
Pikel hits you with a +0 whip of electrocution.
The lemure barely misses you.
You hit the lemure but do no damage.
The lemure is heavily wounded.
You barely miss Pikel. You hit the lemure. The lemure barely misses you.
The lemure hits you. Pikel hits you but does no damage.
You barely miss the lemure.
The lemure is heavily wounded.
You closely miss Pikel. You closely miss the lemure. Pikel barely misses you.
The lemure hits you. x2
You die...

.......# ......#
+ #....(# .5
##...[.##... #..
#........... #...
#...5....... ..
#....#...5.......
... #.^.# #.K5#
...##...###.5@##
...............#
...............#
.....>.........#
...............#
.........).....#
...###..###...##
##..###.(.#
#..<..+...#


You could see Pikel (resistant) and 4 lemures.

Vanquished Creatures
  A scorpion (D:4)
  Natasha (thrice) (D:2)
  3 adders
  A worm (D:2)
  A dart slug (D:1)
  6 orcs (D:3)
  3 endoplasms
  5 goblins
  13 hobgoblins
  3 jackals (D:1)
  7 kobolds
  A quokka (D:1)
  8 ball pythons
  3 bats
  4 frilled lizards
  6 rats
68 creatures vanquished.

Notes
Turn   | Place    | Note
-------+----------+-------------------------------------------
     0 | D:1      | qw the Gargoyle Fighter began the quest for the Orb.
     0 | D:1      | Reached XP level 1. HP: 14/14 MP: 1/1
     0 | D:1      | 0 ||| qw: Version: 0.3-a-9-g12657ce
     0 | D:1      | 0 ||| qw: Game counter: 1345
     0 | D:1      | 0 ||| qw: Always use a shield: true
     0 | D:1      | 0 ||| qw: God list: Okawaru
     0 | D:1      | 0 ||| qw: Allow faded altars: false
     0 | D:1      | 0 ||| qw: Do Orc after D:15 true
     0 | D:1      | 0 ||| qw: Do second Lair branch before Depths: true
     0 | D:1      | 0 ||| qw: Lair rune preference: random
     0 | D:1      | 0 ||| qw: Plans: Normal, Zot:1-4, Slime:5, God:TSO, Crypt,
                  | Tomb, Abyss, Pan, Hells, Win
     0 | D:1      | 0 ||| PLANNING D:1-11
    94 | D:1      | Reached skill level 2 in Axes
   154 | D:1      | 154 ||| Stepping ~*~*~tactically~*~*~ (stealth).
   155 | D:1      | 155 ||| Stepping ~*~*~tactically~*~*~ (stealth).
   156 | D:1      | 156 ||| Stepping ~*~*~tactically~*~*~ (stealth).
   157 | D:1      | 157 ||| Stepping ~*~*~tactically~*~*~ (stealth).
   163 | D:1      | Reached XP level 2. HP: 19/19 MP: 2/2
   166 | D:1      | 166 ||| Stepping ~*~*~tactically~*~*~ (stealth).
   169 | D:1      | 169 ||| Stepping ~*~*~tactically~*~*~ (hiding).
   185 | D:1      | 185 ||| Stepping ~*~*~tactically~*~*~ (stealth).
   187 | D:1      | 187 ||| Stepping ~*~*~tactically~*~*~ (stealth).
   189 | D:1      | 189 ||| Stepping ~*~*~tactically~*~*~ (stealth).
   219 | D:1      | 219 ||| Stepping ~*~*~tactically~*~*~ (stealth).
   220 | D:1      | 220 ||| Stepping ~*~*~tactically~*~*~ (stealth).
   301 | D:1      | Reached skill level 3 in Axes
   308 | D:1      | Reached XP level 3. HP: 16/23 MP: 3/3
   433 | D:1      | 433 ||| Stepping ~*~*~tactically~*~*~ (stealth).
   639 | D:1      | 639 ||| Stepping ~*~*~tactically~*~*~ (hiding).
   925 | D:1      | 925 ||| DROPPING orb of mayhem.
   926 | D:1      | 926 ||| DROPPING scarf of invisibility.
   927 | D:1      | 927 ||| READING scroll labelled FARGHU HESODOWN.
   928 | D:1      | 928 ||| READING scroll labelled GIPTES SEBLORU.
   933 | D:1      | 933 ||| READING scroll labelled RIUZAE YGEAJEGE.
   934 | D:1      | 934 ||| READING scroll labelled GAYKAT XAUBOJE.
   941 | D:2      | Noticed Natasha
   948 | D:2      | Killed Natasha
   949 | D:2      | Reached skill level 1 in Throwing
   949 | D:2      | Reached XP level 4. HP: 28/28 MP: 4/4
  1003 | D:2      | 1003 ||| Stepping ~*~*~tactically~*~*~ (stealth).
  1085 | D:2      | Found a stormy altar of Qazlal.
  1289 | D:2      | 1289 ||| DROPPING +0 club.
  1320 | D:2      | Noticed Natasha
  1321 | D:2      | 1321 ||| Stepping ~*~*~tactically~*~*~ (stealth).
  1333 | D:2      | Killed Natasha
  1334 | D:2      | Reached skill level 4 in Axes
  1358 | D:2      | Noticed Natasha
  1359 | D:2      | 1359 ||| FLEEEEING.
  1360 | D:2      | 1360 ||| FLEEEEING.
  1361 | D:2      | 1361 ||| FLEEEEING.
  1362 | D:2      | 1362 ||| FLEEEEING.
  1363 | D:2      | 1363 ||| FLEEEEING.
  1364 | D:2      | 1364 ||| FLEEEEING.
  1365 | D:2      | 1365 ||| FLEEEEING.
  1366 | D:2      | 1366 ||| FLEEEEING.
  1367 | D:2      | 1367 ||| Stepping ~*~*~tactically~*~*~ (hiding).
  1377 | D:2      | Reached XP level 5. HP: 28/32 MP: 5/5
  1377 | D:2      | Killed Natasha
  1489 | D:2      | 1489 ||| DRINKING 2 cyan potions.
  1622 | D:3      | Found a transporter.
  1637 | D:3      | Noticed qw's ghost (amateur NaHu)
  1700 | D:3      | 1700 ||| Stepping ~*~*~tactically~*~*~ (stealth).
  1783 | D:3      | 1783 ||| Stepping ~*~*~tactically~*~*~ (stealth).
  1795 | D:3      | 1795 ||| Stepping ~*~*~tactically~*~*~ (stealth).
  1964 | D:3      | 1964 ||| DROPPING +0 whip.
  2108 | D:3      | Found a transporter.
  2207 | D:3      | 2207 ||| UPGRADING to +0 pair of boots.
  2212 | D:3      | 2212 ||| DRINKING 2 bubbling inky potions.
  2213 | D:3      | 2213 ||| READING 6 scrolls of identify.
  2213 | D:3      | 2213 ||| IDENTIFYING amethyst potion
  2214 | D:3      | 2214 ||| READING 5 scrolls of identify.
  2214 | D:3      | 2214 ||| IDENTIFYING golden potion
  2215 | D:3      | 2215 ||| READING 4 scrolls of identify.
  2215 | D:3      | 2215 ||| IDENTIFYING red potion
  2216 | D:3      | 2216 ||| READING 3 scrolls of identify.
  2216 | D:3      | 2216 ||| IDENTIFYING viscous clear potion
  2217 | D:3      | 2217 ||| DROPPING potion of invisibility.
  2218 | D:3      | 2218 ||| DROPPING potion of degeneration.
  2219 | D:3      | 2219 ||| DROPPING potion of berserk rage.
  2272 | D:4      | Reached skill level 5 in Axes
  2272 | D:4      | Reached XP level 6. HP: 21/37 MP: 6/6
  2335 | D:4      | Noticed Pikel
  2337 | D:4      | 2337 ||| Stepping ~*~*~tactically~*~*~ (stealth).
  2347 | D:4      | HP: 4/37 [lemure[Pikel] (6)]
  2347 | D:4      | Slain by a lemure

Levels and vault maps discovered:
D:1:      elethiomel_arrival_maze, layout_loops_ring
D:2:      layout_rooms, basic_altar, uniq_natasha
D:3:      layout_loops_ring, gammafunk_ghost_stat_death
D:4:      layout_gridville, minmay_temple_entry_glassed_door, uniq_pikel,
          uniq_crazy_yiuf_cottage, uniq_ijyb

Skill      XL: |  1  2  3  4  5 |
---------------+----------------+-----
Axes           | 2 3 4 5 |  5.2
Throwing       | 1 |  1.6
Fighting       | |  3.2
Armour         | |  3.2
Shields        | |  3.2

Action                     |  1- 3 |  4- 6 || total
---------------------------+-------+-------++-------
  Melee: War axe           |    67 |   120 ||   187
  Throw: Javelin           |    12 |    23 ||    35
         Boomerang         |       |     6 ||     6
    Use: Scroll            |     4 |     4 ||     8
         Potion            |       |     2 ||     2
 Armour: Scale mail        |    23 |    48 ||    71
  Dodge: Dodged            |    26 |    67 ||    93
  Block: Buckler           |    12 |    14 ||    26

Table legend:
 A = Non-vault XP
 B = Vault XP
 C = Vault XP percentage of total XP
 D = Non-vault monster count
 E = Vault monster count
 F = Vault count percentage of total count
                 A         B        C        D         E       F
            +---------+---------+-------+---------+---------+-------
      Total |     307 |      35 |  10.2 |      67 |       1 |   1.5
            +---------+---------+-------+---------+---------+-------
        D:1 |      47 |       0 |   0.0 |      27 |       0 |   0.0
        D:2 |     118 |      35 |  22.9 |      14 |       1 |   6.7
        D:3 |      58 |       0 |   0.0 |      24 |       0 |   0.0
        D:4 |      84 |       0 |   0.0 |       2 |       0 |   0.0
            +---------+---------+-------+---------+---------+-------
